 Dungeon Crawl Stone Soup version 0.30.1-3-gfc49f6343a (webtiles) character file.

Game seed: 14126425197914795641

1104 spardeous the Conjurer (level 7, 0/50 HPs)
             Began as a Demigod Conjurer on Aug 8, 2023.
             Slain by an ogre
             ... wielding a +0 giant club
              (10 damage)
             ... on level 5 of the Dungeon.
             The game lasted 00:05:04 (5036 turns).

spardeous the Conjurer (Demigod Conjurer)           Turns: 5036, Time: 00:05:05

Health: 0/50       AC:  6    Str:  8    XL:     7   Next: 85%
Magic:  16/19      EV: 10    Int: 28    God:
Gold:   260        SH:  0    Dex: 12    Spells: 10/17 levels left

rFire   . . .        t - +10 dark maul {heavy}
rCold   . . .        (shield currently unavailable)
rNeg    . . .        n - +0 ring mail
rPois   .            m - +0 helmet
rElec   .            (no cloak)
rCorr   .            (no gloves)
SInv    .            (no boots)
Will    .....        (no amulet)
Stlth   +            u - +4 ring of slaying
HPRegen 0.28/turn    (no ring)
MPRegen 0.16/turn

%: no passive effects
@: no status effects
A: high MP 1, forlorn, divine attributes
a: no special abilities


You were on level 5 of the Dungeon.
You visited 1 branch of the dungeon, and saw 5 of its levels.

You collected 260 gold pieces.

Inventory:

Hand Weapons
 t - the +10 dark maul (weapon) {heavy}
   (You found it on level 4 of the Dungeon)
Missiles
 w - a throwing net
Armour
 a - a +0 robe
 i - an orb of light
 m - a +0 helmet (worn)
 n - a +0 ring mail (worn)
Magical Staves
 p - a staff of earth
Jewellery
 u - a +4 ring of slaying (left hand)
Wands
 v - a wand of flame (38)
Scrolls
 e - 2 scrolls of amnesia {unknown}
 g - a scroll of immolation {unknown}
 h - 2 scrolls of identify {unknown}
 j - 2 scrolls of teleportation {unknown}
 l - 3 scrolls of fog {unknown}
 o - a scroll of vulnerability {unknown}
 r - 4 scrolls of poison {unknown}
 s - a scroll of enchant armour {unknown}
 y - a scroll of magic mapping {unknown}
Potions
 b - a potion of magic
 c - 2 potions of heal wounds {unknown}
 d - 4 potions of degeneration {unknown}
 f - 3 potions of curing {unknown}
 k - a potion of might
 q - a potion of experience {unknown}
 x - a potion of flight {unknown}
 z - a potion of invisibility {unknown}


   Skills:
 + Level 0.8 Maces & Flails
 - Level 1.7 Dodging
 - Level 1.7 Stealth
 - Level 5.8 Spellcasting
 - Level 7.1 Conjurations


You had 10 spell levels left.
You knew the following spells:

 Your Spells              Type           Power      Damage    Failure   Level
a - Magic Dart            Conj           100%       1d8       1%          1
b - Searing Ray           Conj           96%        2d7       1%          2
c - Iskenderun's Mystic   Conj/Tloc      28%        2d7       41%         4

Your spell library contained the following spells:

 Spells                   Type           Power      Damage    Failure   Level
 Dazzling Flash           Conj/Hex       56%        N/A       13%         3
 Scorch                   Fire           16%        2d5       28%         2
 Flame Wave               Conj/Fire      28%        2d9       41%         4
 Fulminant Prism          Conj/Hex       14%        3d8       41%         4
 Summon Cactus Giant      Summ           4%         N/A       100%        6


Dungeon Overview and Level Annotations

Branches:
Dungeon (5/15)
 Temple: D:4-7

Shops:
D:1 *


Innate Abilities, Weirdness & Mutations

You have an increased reservoir of magic. (+10% MP)
You shall have no god before yourself.
Your divine heritage dramatically boosts your attributes as you level up.


Message History

Casting: Magic Dart (safe; 1% risk of failure)
Confirm with . or Enter, or press ? or * to list all spells.
Aiming: Searing Ray (safe; 1% risk of failure)
Press: ? - help, Shift-Dir - straight line, f - orc priest
Aim: an orc priest, wielding a +0 war axe (83% to hit)
The searing ray hits the orc!
You kill the orc!
The searing ray hits the orc priest!
The orc priest is heavily wounded.
The searing ray hits the orc priest.
The orc priest is moderately wounded. (Press . to maintain the ray.)
The orc barely misses you.
You now have 17/19 mp.
The searing ray hits the orc priest.
The orc priest is almost dead.
The searing ray hits the phantom.
The phantom is lightly damaged.
The orc priest hits you with a +0 flail.
The orc hits you with a +0 mace!
* * * LOW HITPOINT WARNING * * *
You take 13 damage, and have 19/50 hp.
MASSIVE DAMAGE!!
You now have 16/19 mp.
The searing ray hits the orc priest!
You kill the orc priest!
The searing ray hits the phantom!
The phantom is heavily damaged.
The orc hits you with a +0 mace.
* * * LOW HITPOINT WARNING * * *
An orc comes into view.
It is wielding a +0 short sword and quivering poisoned darts.
You take 2 damage, and have 17/50 hp.
You barely miss the phantom.
The phantom is heavily damaged.
The orc barely misses you. The phantom hits you.
* * * LOW HITPOINT WARNING * * *
The phantom blinks!
You blink.
An ogre comes into view. It is wielding a +0 giant club.
The phantom hits you.
* * * LOW HITPOINT WARNING * * *
The ogre hits you with a +0 giant club!
You die...

#.........................'...
#..................>......#...
#.........................#...
.8#.............o§.........#...
.......###..####'###..###..##..
#######..###..#########
#.....oo...#....#
#.....O....#....#
#.....@W...#....#
###..###..####### #.. #..# #.
.. + .. .. .


You could see an ogre, a phantom, an orc priest and 2 orcs.

Vanquished Creatures
  Grinder (D:4)
  Eustachio (D:4)
  A black bear (D:5)
  2 ogres (D:4)
  2 scorpions (D:4)
  2 jellies (D:4)
  An orc priest (D:5)
  Ijyb (D:4)
  An iguana (D:5)
  An orc wizard (D:4)
  Terence (D:3)
  Robin (D:2)
  3 gnolls (D:4)
  4 adders
  3 worms
  A dart slug (D:4)
  8 orcs
  6 endoplasms
  5 giant cockroaches
  20 goblins
  19 hobgoblins
  2 jackals (D:2)
  4 quokkas
  7 ball pythons
  6 bats
  3 frilled lizards
  8 kobolds
  2 rats (D:3)
116 creatures vanquished.

Notes
Turn   | Place    | Note
-------+----------+-------------------------------------------
     0 | D:1      | spardeous the Demigod Conjurer began the quest for the Orb.
     0 | D:1      | Reached XP level 1. HP: 14/14 MP: 5/5
   326 | D:1      | Reached XP level 2. HP: 20/20 MP: 5/7
   682 | D:1      | Learned a level 2 spell: Searing Ray
   686 | D:1      | Found Boodael's General Store.
   694 | D:1      | Reached skill level 4 in Conjurations
  1200 | D:2      | Reached XP level 3. HP: 26/26 MP: 4/9
  1269 | D:2      | Noticed Robin
  1367 | D:2      | Killed Robin
  2114 | D:2      | Reached XP level 4. HP: 33/33 MP: 5/11
  2879 | D:3      | Learned a level 4 spell: Iskenderun's Mystic Blast
  3136 | D:3      | Noticed Terence
  3144 | D:3      | Killed Terence
  3663 | D:4      | Reached skill level 5 in Conjurations
  3663 | D:4      | Reached XP level 5. HP: 38/38 MP: 3/13
  3787 | D:4      | Found the +10 dark maul {heavy}
  3798 | D:4      | Noticed an ogre
  3813 | D:4      | Killed an ogre
  3848 | D:4      | Noticed an ogre
  3855 | D:4      | Killed an ogre
  3856 | D:4      | Reached XP level 6. HP: 45/45 MP: 11/15
  3926 | D:4      | Noticed Grinder
  3933 | D:4      | Reached skill level 6 in Conjurations
  3952 | D:4      | Killed Grinder
  3953 | D:4      | Reached skill level 5 in Spellcasting
  3953 | D:4      | Reached XP level 7. HP: 10/50 MP: 10/18
  4343 | D:4      | Noticed Eustachio
  4349 | D:4      | Noticed Ijyb
  4353 | D:4      | Killed Eustachio
  4355 | D:4      | Killed Ijyb
  4860 | D:5      | Entered Level 5 of the Dungeon
  4893 | D:5      | Reached skill level 7 in Conjurations
  5036 | D:5      | Slain by an ogre

Illustrated notes

Levels and vault maps discovered:
D:1:      lemuel_arrival_muddy, layout_basic, serial_shops, shop,
          minmay_misc_feat_rows
D:2:      layout_basic, dilly_ecumenical_altar_fadedgnrine,
          small_statue_intersection, due_unseen_surprise, uniq_robin
D:3:      layout_loops_ring, chequers_serial_rivers_micro_b, uniq_terence
D:4:      cheibrodos_greedy_goblins, layout_rooms, kennysheep_nondescript,
          uniq_grinder, uniq_eustachio, uniq_ijyb
D:5:      layout_gridville, led_sif_pool, lemuel_temple_firewalk_a, uniq_sigmund

Skill      XL: |  1  2  3  4  5  6  7 |
---------------+----------------------+-----
Spellcasting   | 2 3 4 5 |  5.8
Conjurations   | 4 5 6 7 |  7.1
Maces & Flails | |  0.8
Dodging        | |  1.7
Stealth        | |  1.7

Action                     |  1- 3 |  4- 6 |  7- 9 || total
---------------------------+-------+-------+-------++-------
  Melee: Unarmed           |    11 |       |       ||    11
         Maul              |       |    13 |    32 ||    45
   Cast: Magic Dart        |   110 |    63 |    17 ||   190
         Searing Ray       |     1 |     8 |     4 ||    13
 Armour: Robe              |     1 |       |       ||     1
         Ring mail         |       |    22 |    42 ||    64
  Dodge: Dodged            |    13 |    29 |    53 ||    95
